 Dungeon Crawl Stone Soup version 0.22.1-1-ga44c0e5 (webtiles) character file.

32563 Fang the Cleaver (level 13, -1/85 HPs)
             Began as a Gargoyle Berserker on Oct 1, 2018.
             Was a High Priest of Trog.
             Slain by a tyrant leech (12 damage)
             ... on level 6 of the Lair of Beasts.
             The game lasted 00:22:15 (18055 turns).

Fang the Cleaver (Gargoyle Berserker)              Turns: 18055, Time: 00:22:15

Health: -1/85      AC: 22    Str: 25    XL:     13   Next: 65%
Magic:  13/13      EV: 18    Int:  9    God:    Trog [*****.]
Gold:   841        SH:  0    Dex:  9    Spells: 12/12 levels left

rFire    . . .     SeeInvis .   v - +2 hand axe (flame)
rCold    . . .     Gourm    .   (no shield)
rNeg     + + .     Faith    .   H - +0 pearl dragon scales
rPois    ∞         Spirit   .   t - +1 hat
rElec    +         Reflect  .   (no cloak)
rCorr    +         Harm     .   (no gloves)
MR       .....                  (no boots)
Stlth    +.........             x - amulet of magic regeneration
HPRegen  0.24/turn              m - ring of resist corrosion
MPRegen  0.38/turn              r - +4 ring of evasion

@: berserk cooldown, slowed, very slow
A: negative energy resistance 1, electricity resistance, unbreathing,
petrification resistance, rot immunity, AC +9
a: Berserk, Trog's Hand, Brothers in Arms, Renounce Religion


You were on level 6 of the Lair of Beasts.
You worshipped Trog.
Trog was extremely pleased with you.
You were not hungry.

You visited 3 branches of the dungeon, and saw 16 of its levels.

You collected 841 gold pieces.

Inventory:

Hand Weapons
 a - a +2 hand axe
 o - a +5 battleaxe of freezing
 v - a +2 hand axe of flaming (weapon)
 I - a +1 antimagic battleaxe
Armour
 t - a +1 hat (worn)
 G - a +2 robe of magic resistance
 H - +0 pearl dragon scales (worn)
Jewellery
 m - a ring of resist corrosion (left hand)
 r - a +4 ring of evasion (right hand)
 x - an amulet of magic regeneration (around neck)
Wands
 l - a wand of clouds (15)
 w - a wand of acid (10)
 y - a wand of digging (49)
 D - a wand of paralysis (47)
 E - a wand of random effects (21)
Scrolls
 g - 6 scrolls of remove curse
 h - 5 scrolls of identify
 j - a scroll of teleportation
 q - a scroll of magic mapping
 u - 3 scrolls of blinking
 F - a scroll of fear
Potions
 b - a potion of lignification {unknown}
 d - 6 potions of brilliance
 e - 5 potions of flight
 f - 9 potions of agility
 i - 2 potions of curing
 k - a potion of haste
 n - 2 potions of magic
 p - 2 potions of heal wounds
 s - a potion of ambrosia
 z - a potion of might
 A - 3 potions of berserk rage
 B - a potion of resistance
 C - 2 potions of invisibility
Comestibles
 c - 21 rations


   Skills:
 + Level 11.6 Fighting
 + Level 14.4 Axes
 + Level 3.6 Armour
 + Level 9.5 Dodging
 + Level 7.6 Stealth


You had 12 spell levels left.
You didn't know any spells.
Your spell library was empty.

Dungeon Overview and Level Annotations

Branches:
Dungeon (9/15)             Temple (1/1) D:5            Lair (6/6) D:8
  Swamp (0/4) Lair:2        Snake (0/4) Lair:2        Slime (0/5) Lair:5
    Orc: D:9-12

Altars:
Cheibriados
Hepliaklqana
Makhleb
Okawaru
Qazlal
Trog
Zin
Beogh

Shops:
D:6 ?   D:9 (

Annotations:
D:6 3 runed doors, GauntRickley's ghost, novice DrCj
Lair:1 exclusion: oklob plant


Innate Abilities, Weirdness & Mutations

You are resistant to torment.
Your stone body is resilient. (AC +9)
You are immune to poison.
You resist negative energy. (rN+)
You are resistant to electric shocks. (rElec)
You can survive without breathing.
You are immune to petrification.
You are immune to rotting.


Message History

You are no longer berserk.
You are exhausted.
You feel yourself slow down. The tyrant leech barely misses you.
Your unstable footing causes you to fumble your attack.
You barely miss the tyrant leech.
The tyrant leech is almost dead.
The tyrant leech bites you!
* * * LOW HITPOINT WARNING * * *
Your unstable footing causes you to fumble your attack.
The tyrant leech bites you!
* * * LOW HITPOINT WARNING * * *
You hit the tyrant leech but do no damage.
The tyrant leech is almost dead.
You hear a distant blaring wail to the north.
The tyrant leech closely misses you.
A moth of wrath comes into view.
Your unstable footing causes you to fumble your attack.
The moth of wrath's fur bristles in rage as it notices you.
The tyrant leech bites you!
You die...

#... ##..##
##....## ####
#.....P#
P...###.#....#
.........=..#
≈≈≈≈≈≈....<.#
≈≈≈≈≈≈≈††...###
####≈†@....P#
##≈w......#
#≈≈......#
#≈≈......P#
≈≈≈.......#
≈≈≈........#
≈≈#.y......##
..##........


You could see a tyrant leech and a moth of wrath.

Vanquished Creatures
  Nessos (Lair:4)
  Harold (D:8)
  Erica (D:8)
  3 hydras
  2 two-headed ogres (D:8)
  4 death yaks (Lair:4)
  Nergalle (Lair:3)
  Pikel (D:6)
  2 black mambas
  11 spiny frogs
  2 rime drakes
  6 komodo dragons
  A hornet (D:9)
  A queen bee (D:8)
  A polar bear (Lair:4)
  A tyrant leech (Lair:6)
  5 blink frogs (Lair:3)
  9 hippogriffs
  2 slime creatures (Lair:5)
  22 yaks
  Grum (D:9)
  6 basilisks
  A hungry ghost (D:7)
  3 nagas (Lair:2)
  10 water moccasins
  6 porcupines
  An orc warrior (D:7)
  2 slaves (D:6)
  3 black bears
  4 sky beasts
  An eye of draining (D:9)
  2 ice beasts
  A necrophage (D:9)
  2 phantoms
  5 ogres
  8 wolves
  3 centaurs
  7 crocodiles
  Blork the orc (D:5)
  3 big kobolds
  12 bullfrogs
  2 wyvern zombies
  2 water moccasin skeletons
  4 scorpions
  28 killer bees
  8 wights (D:8)
  11 howler monkeys
  3 crimson imps
  3 jellies
  2 bullfrog skeletons
  A centaur skeleton (D:8)
  4 hounds
  A gnoll shaman (D:4)
  An iguana (D:9)
  7 orc wizards
  6 worker ants
  A hound skeleton (D:8)
  A worker ant zombie (D:3)
  3 gnolls (D:4)
  9 adders
  5 shadow imps
  An adder skeleton (D:4)
  3 worms
  3 dart slugs
  4 leopard geckos
  23 orcs
  7 bats
  2 giant cockroaches
  5 goblins
  7 hobgoblins
  10 jackals
  3 quokkas
  2 ball pythons
  7 frilled lizards
  A jackal skeleton (D:5)
  21 kobolds
  A leopard gecko skeleton (D:9)
  A quokka skeleton (D:5)
  10 rats
  3 fungi
  2 plants
377 creatures vanquished.

Vanquished Creatures (collateral kills)
  Prince Ribbit (D:7)
1 creature vanquished.

Vanquished Creatures (others)
  2 orcs (D:6)
  A fungus (Lair:1)
  3 plants
6 creatures vanquished.

Grand Total: 384 creatures vanquished

Notes
Turn   | Place    | Note
-------+----------+-------------------------------------------
     0 | D:1      | Fang the Gargoyle Berserker began the quest for the Orb.
     0 | D:1      | Reached XP level 1. HP: 14/14 MP: 1/1
   304 | D:1      | Reached XP level 2. HP: 18/19 MP: 2/2
   496 | D:1      | Reached skill level 3 in Axes
   579 | D:1      | Reached XP level 3. HP: 13/24 MP: 3/3
   984 | D:1      | Reached ** piety under Trog
  1425 | D:2      | Reached XP level 4. HP: 26/29 MP: 4/4
  1493 | D:2      | Reached skill level 1 in Stealth
  2278 | D:3      | Reached skill level 4 in Axes
  2278 | D:3      | Reached XP level 5. HP: 27/33 MP: 5/5
  2645 | D:4      | Found a bloodstained altar of Trog.
  2645 | D:4      | Noticed a moth of wrath
  2669 | D:4      | Reached *** piety under Trog
  3051 | D:4      | Reached XP level 6. HP: 25/39 MP: 6/6
  3179 | D:4      | Reached skill level 5 in Fighting
  3474 | D:4      | Found a glowing silver altar of Zin.
  3581 | D:4      | Reached XP level 7. HP: 30/44 MP: 7/7
  3821 | D:5      | Entered Level 5 of the Dungeon
  3908 | D:5      | Reached skill level 5 in Axes
  3956 | D:5      | HP: 1/44 [sky beast (2)]
  4263 | D:5      | Found a snail-covered altar of Cheibriados.
  4288 | D:5      | Found a staircase to the Ecumenical Temple.
  4308 | Temple   | Entered the Ecumenical Temple
  4425 | D:5      | Reached skill level 6 in Axes
  4425 | D:5      | Reached XP level 8. HP: 45/50 MP: 8/8
  4664 | D:5      | Noticed Blork the orc
  4683 | D:5      | Killed Blork the orc
  5752 | D:6      | Found a burning altar of Makhleb.
  5752 | D:6      | Noticed Pikel
  5769 | D:6      | Killed Pikel
  5769 | D:6      | Reached skill level 7 in Axes
  5769 | D:6      | Reached XP level 9. HP: 55/55 MP: 9/9
  5877 | D:6      | Reached skill level 8 in Axes
  6039 | D:6      | Reached skill level 5 in Dodging
  6188 | D:6      | Found Gopsis's Magic Scroll Shoppe.
  6478 | D:6      | Found a runed gate.
  6478 | D:6      | Noticed GauntRickley's ghost (novice DrCj)
  6479 | D:6      | Found a runed gate.
  6480 | D:6      | Found a runed gate.
  6481 | D:6      | Found a roughly hewn altar of Beogh.
  6766 | D:7      | Reached **** piety under Trog
  6863 | D:7      | Reached skill level 9 in Axes
  7046 | D:7      | Found a bloodstained altar of Trog.
  7418 | D:7      | Noticed Prince Ribbit
  7467 | D:7      | Killed Prince Ribbit
  7467 | D:7      | Reached XP level 10. HP: 5/63 MP: 10/10
  8448 | D:8      | Reached skill level 5 in Stealth
  8838 | D:8      | Noticed Harold
  8858 | D:8      | Killed Harold
  8858 | D:8      | Reached skill level 10 in Axes
  9131 | D:8      | Noticed Erica
  9131 | D:8      | Noticed a two-headed ogre
  9141 | D:8      | Killed a two-headed ogre
  9149 | D:8      | Reached XP level 11. HP: 7/69 MP: 11/11
  9152 | D:8      | Killed Erica
  9152 | D:8      | Reached skill level 11 in Axes
  9498 | D:8      | Noticed a two-headed ogre
  9507 | D:8      | Killed a two-headed ogre
  9955 | D:8      | Found a staircase to the Lair.
 10088 | D:9      | Noticed Grum
 10390 | D:9      | Killed Grum
 10406 | D:9      | Found Hoilunur's Weapon Shop.
 10475 | D:9      | Reached skill level 12 in Axes
 10497 | D:9      | Reached ***** piety under Trog
 11065 | D:9      | Found a hazy altar of Hepliaklqana.
 11219 | Lair:1   | Entered Level 1 of the Lair of Beasts
 11492 | Lair:1   | Noticed an oklob plant
 11775 | Lair:1   | Noticed a five-headed hydra
 11784 | Lair:1   | Killed a two-headed hydra
 12061 | Lair:1   | Reached XP level 12. HP: 76/76 MP: 12/12
 12554 | Lair:2   | Found a staircase to the Snake Pit.
 12657 | Lair:2   | Reached skill level 13 in Axes
 12946 | Lair:2   | Found an iron altar of Okawaru.
 13098 | Lair:2   | Reached skill level 10 in Fighting
 13425 | Lair:2   | Found a staircase to the Swamp.
 14006 | Lair:3   | Noticed a four-headed hydra
 14016 | Lair:3   | Killed a one-headed hydra
 14519 | Lair:3   | Noticed a six-headed hydra
 14530 | Lair:3   | Killed a one-headed hydra
 14732 | Lair:3   | Noticed Nergalle
 14766 | Lair:3   | Killed Nergalle
 15040 | Lair:4   | Reached XP level 13. HP: 84/84 MP: 13/13
 15190 | Lair:4   | Noticed Nessos
 15849 | Lair:4   | Killed Nessos
 15849 | Lair:4   | Reached skill level 14 in Axes
 16729 | Lair:5   | Found a staircase to the Slime Pits.
 17320 | Lair:5   | You fall through a shaft!
 17320 | Lair:6   | Entered Level 6 of the Lair of Beasts
 17521 | Lair:5   | Received a gift from Trog
 18055 | Lair:6   | Slain by a tyrant leech

Skill      XL: |  1  2  3  4  5  6  7  8  9 10 11 12 13 |
---------------+----------------------------------------+-----
Axes           | 3 4 6 7 9 10 12 13 14 | 14.4
Fighting       | 4 5 6 7 8 9 10 11 | 11.6
Stealth        | 1 2 3 4 5 6 7 |  7.6
Dodging        | 2 3 4 5 6 7 8 9 |  9.5
Armour         | 3 |  3.6

Action                   |  1- 3 |  4- 6 |  7- 9 | 10-12 | 13-15 || total
-------------------------+-------+-------+-------+-------+-------++-------
Melee: Hand axe          |   111 |   210 |   439 |   500 |   348 ||  1608
       Battleaxe         |       |       |       |   171 |       ||   171
Invok: Berserk           |     1 |     3 |     8 |    14 |     3 ||    29
       Brothers in Arms  |       |       |     1 |       |       ||     1
  Use: Scroll            |       |       |    19 |     9 |     2 ||    30
       Potion            |       |       |       |     2 |     1 ||     3
 Stab: Sleeping          |     1 |     2 |     4 |    10 |     3 ||    20
  Eat: Chunk             |     3 |     8 |    18 |    25 |     7 ||    61
       Ration            |       |       |     2 |     3 |     2 ||     7
Armor: Animal skin       |    47 |    72 |   121 |   157 |       ||   397
       Robe              |       |       |       |     4 |    40 ||    44
       Pearl dragon scal |       |       |       |       |    57 ||    57
Dodge: Dodged            |    79 |   217 |   347 |   645 |   204 ||  1492
